 Dungeon Crawl Stone Soup version 0.15-a0-134-gcf47855 (webtiles) character file.

4386 PolkaDot the Slicer (level 10, -1/76 HPs)
             Began as a Vampire Gladiator on Apr 12, 2014.
             Was an Elder of Makhleb.
             Slain by a centaur warrior (4 damage)
             ... while paralysed by a giant eyeball
             ... on Level 9 of the Dungeon.
             The game lasted 00:46:20 (7729 turns).

PolkaDot the Slicer (Vampire Gladiator)             Turns: 7729, Time: 00:46:20

HP  -1/76        AC  4     Str 14      XL: 10   Next:  5%
MP   4/6         EV  2     Int 10      God: Makhleb [****..]
Gold 292         SH  0     Dex 17      Spells:  1 memorised,  8 levels left

rFire  . . .     SeeInvis +     x - +2,+1 short sword (antimagic)
rCold  . . .     Clarity  .     b - +0 leather armour
rNeg   . . .     Conserve .     (no shield)
rPois  +         rCorr    +     c - +0 helmet
rElec  .         rRot     .     (no cloak)
SustAb . .       Spirit   .     (no gloves)
rMut   .         Warding  .     (no boots)
Saprov . . .     Stasis   .     y - amulet of Throtog {rCorr +Blink rPois Dam+3 Stlth-}
MR     +....                    o - ring of invisibility
                                k - +4 ring of evasion

@: paralysed, regenerating quickly, somewhat resistant to hostile enchantments,
extremely unstealthy
A: bottle blood, fangs 3, see invisible, unbreathing
a: Bottle Blood, Minor Destruction, Lesser Servant of Makhleb, Major
Destruction, Renounce Religion, Evoke Blink, Evoke Invisibility


You were on level 9 of the Dungeon.
You worshipped Makhleb.
Makhleb was greatly pleased with you.
You were full.

You visited 1 branch of the dungeon, and saw 9 of its levels.

You collected 292 gold pieces.

Inventory:

Hand weapons
 x - a +2,+1 anti-magic short sword (weapon)
Missiles
 d - 5 throwing nets (quivered)
Armour
 b - a +0 leather armour (worn)
 c - a +0 helmet (worn)
 g - a mottled dragon hide
Magical devices
 n - a wand of polymorph (5)
 s - a wand of disintegration (9)
 t - a wand of disintegration (13)
 u - a wand of slowing (11)
 v - a wand of paralysis (0)
 w - a wand of random effects (3)
Scrolls
 a - a scroll of identify
 e - 2 scrolls of blinking
 h - a scroll of remove curse
 j - a scroll of amnesia
 m - a scroll of noise
 q - a scroll of magic mapping
Jewellery
 k - a +4 ring of evasion (left hand)
 o - a ring of invisibility (right hand)
 y - the amulet of Throtog (around neck) {rCorr +Blink rPois Dam+3 Stlth-}
   (You took it off a kobold on level 7 of the Dungeon)

   [amulet of resist corrosion]

   It protects you from acid and corrosion.
   It affects your damage with ranged weapons and melee attacks (+3).
   It protects you from poison.
   It lets you blink.
   It makes you much less stealthy.
Books
 p - a book of Ice

   Spells                             Type                      Level
   Freezing Aura                      Charms/Ice                   2
   Metabolic Englaciation             Hexes/Ice                    5
   Ozocubu's Refrigeration            Ice                          6
   Bolt of Cold                       Conjuration/Ice              6
   Freezing Cloud                     Conjuration/Ice/Air          6
   Simulacrum                         Ice/Necromancy               6
 r - a book of Burglary

   Spells                             Type                      Level
   *Apportation                       Translocation                1
   Swiftness                          Charms/Air                   2
   Passwall                           Transmutation/Earth          3
   Passage of Golubria                Translocation                4
   Lee's Rapid Deconstruction         Earth                        5
   Darkness                           Hexes                        7


   Skills:
 - Level 5.9 Fighting
 + Level 10.9 Short Blades
 - Level 1.5 Throwing
 - Level 1.5 Armour
 + Level 7.7 Dodging
 * Level 5.8 Evocations


You had 8 spell levels left.
You knew the following spells:

 Your Spells              Type           Power        Failure   Level  Hunger
a - Apportation           Tloc           #.........   38%         1    ##.....


Dungeon Overview and Level Annotations

Branches:
Dungeon (9/15)             Temple (0/1) D:4            Lair (0/8) D:8
    Orc: D:9-12

Altars:
Cheibriados
Fedhas
Makhleb
Okawaru
Sif Muna
Vehumet
Xom
Zin

Annotations:
D:6 Menkaure


Innate Abilities, Weirdness & Mutations

Your natural rate of healing is unusually fast.
You can bottle blood from corpses.
You have razor-sharp teeth.*
You have supernaturally acute eyesight.
You can survive without breathing.*


Message History

The centaur warrior completely misses you.
You closely miss the centaur warrior.
The centaur warrior is heavily wounded.
The centaur warrior completely misses you.
You hit the centaur warrior.
The centaur warrior is heavily wounded.
The centaur warrior hits you!
You hit the centaur warrior. You bite the centaur warrior!
The centaur warrior is severely wounded.
The giant eyeball stares at you.
You suddenly lose the ability to move!
The centaur warrior hits you!
* * * LOW HITPOINT WARNING * * *
The centaur warrior hits you!
* * * LOW HITPOINT WARNING * * *
The centaur warrior hits you but does no damage.
The centaur warrior hits you.
* * * LOW HITPOINT WARNING * * *
The centaur warrior hits you but does no damage. x2
The giant eyeball stares at you. You resist. The centaur warrior hits you.
You die...

.............##########.#
......###.#..# #.$g$# #.#
......# #.#..##...c..##.#
......###.#...##....##..#
#..###.........#8r.8# ..#
#..# #.##.#..........
..## #..#
#.##.#.#......###...#
...#
.##)#.#.#####.#..#.###
##.#
.##.#..Ggc@......(.....
##.#
.##)###.######...#.##.
##.# #.##)###.######...#
##.. #.......#........#
#### #.##.###:#.#####..#
# # #.# #.#.# .#<.# # #.#
#...# .#..# #.# ###.# .#
## #.# #.# ..


You could see a centaur warrior, a boggart (invisible) and a giant eyeball.

Vanquished Creatures
  A gargoyle (D:9)
  Psyche (D:9)
  A fire drake (D:8)
  A slime creature (D:9)
  A hippogriff (D:8)
  2 necrophages
  A mottled dragon (D:9)
  2 sky beasts
  An orc warrior (D:7)
  An ice beast (D:5)
  A yellow wasp (D:8)
  An ogre (D:8)
  2 phantoms
  A centaur (D:7)
  A big kobold (D:7)
  3 giant frogs
  2 scorpions
  A jelly (D:7)
  3 wights (D:9)
  4 crimson imps
  A goliath beetle (D:8)
  2 giant frog skeletons
  7 hounds
  A centaur zombie (D:5)
  7 orc wizards
  3 iguanas
  Natasha (thrice) (D:5)
  8 worker ants
  An ogre skeleton (D:6)
  A hound skeleton (D:5)
  A green rat (D:3)
  14 adders
  A worm zombie (D:5)
  A shadow imp (D:5)
  4 worms
  A giant eyeball (D:8)
  An ooze (D:1)
  11 orcs
  4 giant cockroaches
  12 goblins
  17 hobgoblins
  21 kobolds
  4 quokkas
  2 ball pythons
  11 bats
  A giant gecko (D:7)
  9 giant newts
  5 jackals
  An orc skeleton (D:4)
  12 rats
  2 ballistomycetes (D:8)
200 creatures vanquished.

Vanquished Creatures (others)
  A giant spore (D:8)
1 creature vanquished.

Grand Total: 201 creatures vanquished

Notes
Turn   | Place    | Note
--------------------------------------------------------------
     0 | D:1      | PolkaDot, the Vampire Gladiator, began the quest for the Orb.
     0 | D:1      | Reached XP level 1. HP: 16/16 MP: 1/1
   330 | D:1      | Reached XP level 2. HP: 20/22 MP: 2/2
   880 | D:2      | Found a blossoming altar of Fedhas.
   947 | D:2      | Reached XP level 3. HP: 22/27 MP: 3/3
   994 | D:2      | Reached skill level 4 in Short Blades
  1241 | D:2      | Reached XP level 4. HP: 32/34 MP: 4/4
  1754 | D:3      | Reached XP level 5. HP: 10/41 MP: 5/5
  1928 | D:3      | Found a burning altar of Makhleb.
  2698 | D:3      | Became a worshipper of Makhleb the Destroyer
  2709 | D:3      | Reached skill level 5 in Short Blades
  2805 | D:3      | Found a shimmering altar of Xom.
  2837 | D:3      | Found a glowing silver altar of Zin.
  3235 | D:4      | Reached XP level 6. HP: 29/48 MP: 4/6
  3519 | D:4      | Found a radiant altar of Vehumet.
  3762 | D:4      | Acquired Makhleb's first power
  3810 | D:4      | Found a staircase to the Ecumenical Temple.
  3969 | D:4      | Reached skill level 6 in Short Blades
  4118 | D:5      | Entered Level 5 of the Dungeon
  4149 | D:5      | Reached XP level 7. HP: 39/55 MP: 3/7
  4253 | D:5      | Reached skill level 5 in Dodging
  4413 | D:5      | Noticed Natasha
  4427 | D:5      | Killed Natasha
  4433 | D:5      | Reached skill level 5 in Fighting
  4433 | D:5      | Reached skill level 1 in Armour
  4610 | D:5      | Noticed Natasha
  4653 | D:5      | Killed Natasha
  4683 | D:5      | Learned a level 1 spell: Apportation
  4689 | D:5      | Noticed Natasha
  4879 | D:5      | Paralysed by a crimson imp for 6 turns
  4949 | D:5      | Killed Natasha
  5037 | D:6      | Acquired Makhleb's second power
  5050 | D:6      | Reached skill level 7 in Short Blades
  5128 | D:6      | Reached XP level 8. HP: 55/63 MP: 8/8
  5438 | D:6      | Noticed Menkaure
  5449 | D:6      | HP: 1/63 [Menkaure (17)]
  5688 | D:6      | Reached skill level 8 in Short Blades
  5824 | D:7      | Got a smoking robe
  5825 | D:7      | Identified the cursed -5 robe of the Harp {MR+ Str+2 Dex-3 Int-2 Acc+5 Dam+3} (You found it on level 7 of the Dungeon)
  6117 | D:7      | Acquired Makhleb's third power
  6117 | D:7      | Reached skill level 9 in Short Blades
  6183 | D:7      | Got a glittering ivory amulet
  6184 | D:7      | Identified the amulet of Throtog {rCorr +Blink rPois Dam+3 Stlth-} (You took it off a kobold on level 7 of the Dungeon)
  6656 | D:7      | Found a deep blue altar of Sif Muna.
  6756 | D:7      | Reached XP level 9. HP: 59/69 MP: 3/9
  6772 | D:8      | Paralysed by a giant eyeball for 2 turns
  6795 | D:8      | Reached skill level 10 in Short Blades
  7060 | D:8      | Reached skill level 1 in Evocations
  7160 | D:8      | Acquired Makhleb's fourth power
  7281 | D:8      | Found a staircase to the Lair.
  7281 | D:8      | Noticed a fire drake
  7296 | D:8      | Killed a fire drake
  7497 | D:9      | Noticed a gargoyle
  7513 | D:9      | Killed a gargoyle
  7591 | D:9      | Found a snail-covered altar of Cheibriados.
  7591 | D:9      | Found an iron altar of Okawaru.
  7601 | D:9      | Reached skill level 5 in Evocations
  7608 | D:9      | Noticed a centaur warrior
  7610 | D:9      | Noticed Psyche
  7716 | D:9      | Killed Psyche
  7716 | D:9      | Reached XP level 10. HP: 52/76 MP: 3/18
  7725 | D:9      | Paralysed by a giant eyeball for 4 turns
  7727 | D:9      | HP: 2/76 [centaur warrior (2)]
  7729 | D:9      | Slain by a centaur warrior

Action                   |  1- 3 |  4- 6 |  7- 9 | 10-12 || total
-------------------------+-------+-------+-------+-------++-------
Melee: Cutlass           |   102 |   299 |   445 |       ||   846
       Short sword       |       |       |   328 |     8 ||   336
 Abil: End Transformatio |       |     1 |       |       ||     1
       Bat Form          |       |     1 |       |       ||     1
       Evoke Invisibilit |       |       |     1 |       ||     1
Evoke: Wand              |       |     2 |     8 |       ||    10
  Use: Potion            |     2 |     8 |     9 |       ||    19
       Scroll            |       |     8 |    16 |       ||    24
 Stab: Sleeping          |       |     1 |       |       ||     1
       Invisible         |       |       |     4 |       ||     4
